Map: Royal Blood LE

Players

MattBarry - Winner!

  • Race: Zerg Zerg
  • League: Gold
  • Spawn Location: 7:00

scnoob

  • Race: Zerg Zerg
  • League: Gold
  • Spawn Location: 1:00

VOD

Have the link to the VOD?

Description

Time

  • Played on: Jan. 30, 2023, 4:48 a.m.
  • Length: 3:24
Show
View Real Time Build Order
Export as new Build Order

MattBarry Zerg - Winner!

Build Orders: Pool First 

Get SALT Encoding   

  12  0:01  Drone  
  13  0:08  Drone  
  14  0:15  Extractor  
  13  0:28  Spawning Pool  
  12  1:00  Hatchery  
  11  1:15  Queen  
  13  1:19  Drone  
  14  1:31  Overlord  
  14  1:42  Metabolic Boost  
  14  1:49  Zergling x2  
  14  1:51  Zergling x2  
  16  1:56  Zergling x2  
  17  2:04  Zergling x2  
  18  2:16  Queen  
  18  2:21  Zergling x2  
  21  2:28  Zergling x4  
  23  2:30  Zergling x2  
  24  2:55  Zergling x4  
  24  2:56  Zergling x4  
  27  3:01  Zergling x2  
  27  3:02  Overlord  
Show
View Real Time Build Order
Export as new Build Order

scnoob Zerg 

Build Orders: Hatch First 

Get SALT Encoding   

  12  0:02  Drone  
  13  0:13  Overlord  
  13  0:17  Drone  
  14  0:31  Drone x2  
  14  0:35  Drone  
  17  0:47  Drone  
  18  0:57  Hatchery  
  17  1:02  Drone  
  18  1:16  Spawning Pool  
  18  1:18  Drone  
  18  1:20  Drone  
  19  1:29  Overlord  
  19  1:32  Extractor  
  18  1:39  Drone  
  19  1:53  Drone  
  20  2:05  Drone  
  21  2:09  Overlord  
  21  2:11  Drone  
  21  2:13  Queen  
  21  2:14  Queen  
  26  2:26  Zergling x2  
  26  2:27  Zergling x2  
  28  2:31  Drone  
  29  2:41  Zergling x2  
  25  2:58  Zergling x2  
  25  2:59  Zergling x6  
Tags
 
League
GoldGold
Matchup
ZvZ
Race
Zerg
Replay Pack
Multiplayer
Spawn Locations
Cross Positions
Add a new tag
Caveats
  • Supply blocks, unpowered buildings, or Contaminate may cause inaccurate times.
  • Supply counts are checked every 10 seconds.